 Dungeon Crawl Stone Soup version 0.31-a0-426-g3a05650e59 (webtiles) character file.

Game seed: 3383511976404520740

91 LeprechaunX the Ruffian (level 4, -3/29 HPs)
             Began as an Octopode Shapeshifter on July 31, 2023.
             Slain by an orc wizard
             ... wielding a +0 dagger
              (4 damage)
             ... on level 3 of the Dungeon.
             The game lasted 00:02:37 (1843 turns).

LeprechaunX the Ruffian (Octopode Shapeshifter)     Turns: 1843, Time: 00:02:37

Health: -3/29      AC:  1    Str: 16    XL:     4   Next: 59%
Magic:  4/4        EV: 13    Int: 10    God:
Gold:   94         SH:  0    Dex: 12    Spells: 3/3 levels left

rFire   . .          .
                       - Unarmed
rCold   . . .        (no shield)
rNeg    . . .        (helmet currently unavailable)
rPois   .            (no amulet)
rElec   .            (no ring)
rCorr   .            (no ring)
SInv    .            (no ring)
Will    .....        (no ring)
Stlth   ++           (no ring)
HPRegen 0.24/turn    (no ring)
MPRegen 0.09/turn    (no ring)
                     (no ring)

%: no passive effects
@: confused, beast-form
A: beast (slay +2), almost no armour, amphibious, 8 rings, camouflage 1,
gelatinous body 1, (nimble swimmer 1), tentacles
a: Begin Untransformation


You were on level 3 of the Dungeon.
You were a hulking beast.
You visited 1 branch of the dungeon, and saw 3 of its levels.

You collected 94 gold pieces.

Inventory:

Talismans
 b - a beast talisman (active)
 e - a storm talisman
 i - a maw talisman
Scrolls
 d - 2 scrolls of identify {unknown}
 f - a scroll of blinking {unknown}
 g - 2 scrolls of amnesia {unknown}
 h - 2 scrolls of enchant weapon {unknown}
 j - 2 scrolls of vulnerability {unknown}
 k - a scroll of acquirement {unknown}
 l - a scroll of enchant armour {unknown}
Potions
 a - 2 potions of lignification
 c - 2 potions of might {unknown}
 m - a potion of enlightenment {unknown}
 n - a potion of curing {unknown}


   Skills:
 - Level 2.0 Fighting
 + Level 2.7 Dodging
 - Level 4.0 Unarmed Combat
 + Level 3.3 Shapeshifting


You had 3 spell levels left.
You didn't know any spells.
Your spell library contained the following spells:

 Spells                   Type           Power      Damage    Failure   Level
 Portal Projectile        Hex/Tloc       0%         N/A       75%         3
 Tukima's Dance           Hex            0%         N/A       75%         3
 Iskenderun's Mystic Bla  Conj/Tloc      0%         2d3       98%         4


Dungeon Overview and Level Annotations

Branches:
Dungeon (3/15)

Altars:
Ashenzari
Nemelex Xobeh
Sif Muna

Shops:
D:1 :   D:2 (


Innate Abilities, Weirdness & Mutations

You are a hulking beast.
Your limbs bulge with bestial killing power. (Slay +2)
You cannot wear most types of armour.
You are amphibious.
You can wear up to eight rings at the same time.
Your skin changes colour to match your surroundings (Stealth+).
Your rubbery body absorbs attacks. (AC +1, EV +1)
((You are camouflaged when in or above water. (Stealth+)))
You have tentacles for arms and can constrict up to eight enemies at once.


Message History

You constrict the orc.
You kill the orc!
You swing at nothing.
You swing at nothing.
You tentacle-slap the orc. You grab the orc.
The orc is heavily wounded.
You constrict the orc. The orc hits you with a +0 hand axe.
You bludgeon the orc!
You kill the orc!
The orc wizard casts a spell.
The orc wizard flickers and vanishes!
Deactivating autopickup; reactivate with Ctrl-A.
Training target 2.0 for Fighting reached!
Training target 4.0 for Unarmed Combat reached!
Your Fighting skill increases to level 2!
Your Unarmed Combat skill increases to level 4!
You closely miss the orc. You grab the orc. You constrict the orc.
The orc hits you with a +0 dagger.
You tentacle-slap the orc. You squeeze the orc.
You kill the orc!
You tentacle-slap something.
You hear some strange, mumbled words.
You are confused.
You're too confused to attack without stumbling around!
You're too confused to attack without stumbling around!
You're too confused to attack without stumbling around!
You're too confused to attack without stumbling around!
You bludgeon something!
You hear some strange, mumbled words.
A puff of flame appears from out of thin air!
The puff of flame hits you!
You bump into the rock wall.
You hear some strange, mumbled words.
A puff of flame appears from out of thin air!
The puff of flame hits you!
* * * LOW HITPOINT WARNING * * *
You miss something. Something hits you.
* * * LOW HITPOINT WARNING * * *
You miss something. Something hits you.
You die...

..# #.#.# #.# #.#.# #.#
#.#.# #.# #####...#
#.## #.......#
#..#####(###.#.###
#...##.......#....
######.#......#########
+...){h###...##
#...#### ##>.# #.).#
#### #..o# ......
..o.o.. #........
#........ #.........


There were no monsters in sight!

Vanquished Creatures
  2 adders (D:2)
  A worm (D:2)
  2 dart slugs
  4 orcs
  7 endoplasms
  2 giant cockroaches (D:3)
  9 goblins
  3 hobgoblins (D:2)
  7 kobolds
  5 quokkas
  4 ball pythons
  3 bats
  5 frilled lizards
  6 rats
60 creatures vanquished.

Notes
Turn   | Place    | Note
-------+----------+-------------------------------------------
     0 | D:1      | LeprechaunX the Octopode Shapeshifter began the quest for
                  | the Orb.
     0 | D:1      | Reached XP level 1. HP: 13/13 MP: 1/1
   140 | D:1      | Reached XP level 2. HP: 18/18 MP: 2/2
   204 | D:1      | Found Paowok's Vocational Training.
   397 | D:1      | Reached XP level 3. HP: 23/23 MP: 3/3
   873 | D:2      | Found a broken altar of Ashenzari.
  1150 | D:2      | Reached XP level 4. HP: 29/29 MP: 4/4
  1379 | D:2      | Found Eqiaraeno's Weapon Shoppe.
  1748 | D:3      | Found a sparkling altar of Nemelex Xobeh.
  1750 | D:3      | Found a shimmering blue altar of Sif Muna.
  1836 | D:3      | Reached skill level 4 in Unarmed Combat
  1842 | D:3      | HP: 1/29 [something (2)]
  1843 | D:3      | Slain by an orc wizard

Illustrated notes

Levels and vault maps discovered:
D:1:      mainiacjoe_arrival_reflecting_pool, layout_loops_ring,
          minmay_stone_trees_large, dk_noncrumbling_3, nicolae_shop_vocational
D:2:      minmay_spotlight, layout_loops_ring, basic_altar, serial_shops,
          nicolae_shop_tiny_waterfront
D:3:      layout_basic, chequers_temple_overflow_statue_of_worship,
          minivault_14, kennysheep_generic_room_14

Skill      XL: |  1  2  3  4 |
---------------+-------------+-----
Fighting       | 2 |  2.0
Unarmed Combat | 4 |  4.0
Dodging        | |  2.7
Shapeshifting  | |  3.3

Action                     |  1- 3 |  4- 6 || total
---------------------------+-------+-------++-------
  Melee: Unarmed           |    72 |    37 ||   109
         Tentacles         |    15 |     5 ||    20
         Constrict         |    13 |    11 ||    24
         Punch             |     3 |       ||     3
   Stab: Sleeping          |     9 |     2 ||    11
 Armour: Skin              |     3 |     3 ||     6
  Dodge: Dodged            |    33 |    15 ||    48

Table legend: (Time is in decaauts)
 A = Elapsed time spent in this place.
 B = Non-inter-level travel time spent in this place.
 C = Inter-level travel time spent in this place.
 D = Time resting spent in this place.
 E = Time spent auto-exploring this place.
 F = Levels seen in this place.
 G = Mean time per level.
                   A        B        C        D        E       F      G
               +--------+--------+--------+--------+--------+-----+--------+
         Total |   1834 |   1764 |     70 |      0 |   1424 |   3 |  611.3 |
       Dungeon |   1834 |   1764 |     70 |      0 |   1424 |   3 |  611.3 |
               +--------+--------+--------+--------+--------+-----+--------+

Top non-repeatable levels by time:
     D:1: 806 daAuts
     D:2: 692 daAuts
     D:3: 335 daAuts
